 Dungeon Crawl Stone Soup version bcrawl-1.22 (webtiles) character file.

Game seed: 16774994791379802670

17697 funkygono the Thaumaturge (level 12, -6/71 HPs)
             Began as a Fairy Conjurer on May 13, 2020.
             Was a Follower of Vehumet.
             Mangled by a gargoyle
             ... wielding a +1 vampiric morningstar
              (14 damage)
             ... on level 11 of the Dungeon on May 14, 2020.
             The game lasted 00:39:23 (11452 turns).

funkygono the Thaumaturge (Fairy Conjurer)         Turns: 11452, Time: 00:39:23

Health: -6/71      AC: 17    Str:  7    XL:     12   Next: 50%
Magic:  35/41      EV: 18    Int: 34    God:    Vehumet [*.....]
Gold:   725        SH: 21    Dex: 13    Spells: 12/40 levels left

rFire    . . .     SeeInvis .   K - +2 short sword (speed)
rCold    . . .     Gourm    .   d - +2 medium shield {rN+}
rNeg     + . .     Faith    .   (armour unavailable)
rPois    .         Spirit   .   C - +2 helmet
rElec    .         Reflect  +   t - +2 cloak
rCorr    .         Harm     .   A - +1 pair of gloves
MR       +....                  y - +1 pair of boots of Pessimism {Int+7}
Stlth    +.........             J - +4 amulet of reflection
HPRegen  0.21/turn              m - +4 ring of intelligence
MPRegen  0.27/turn              F - ring of magical power

@: flying evasively
A: small, magic attunement, unstealthy, unfitting armour, able to fly, AC/SH +7
a: Stop Flying, Renounce Religion


You were on level 11 of the Dungeon.
You worshipped Vehumet.
Vehumet was aware of your devotion.
You were hungry.

You visited 3 branches of the dungeon, and saw 13 of its levels.

You collected 1019 gold pieces.
You spent 294 gold pieces at shops.

Inventory:

Hand Weapons
 k - a +2 dagger of holy wrath
 K - a +2 short sword of speed (weapon)
Missiles
 v - 2865 stones (quivered)
 z - 5 throwing nets {!f}
Armour
 d - a +2 medium shield of positive energy (worn)
 t - a +2 cloak (worn)
 y - the +1 pair of boots of Pessimism (worn) {Int+7}
   (You bought it in a shop on level 4 of the Dungeon)

   It affects your intelligence (+7).
 A - a +1 pair of gloves (worn)
 C - a +2 helmet (worn)
Jewellery
 j - an uncursed amulet of faith
 m - a +4 ring of intelligence (left hand)
 E - an uncursed amulet of the gourmand
 F - a ring of magical power (right hand)
 G - an uncursed ring of positive energy {unknown}
 J - a +4 amulet of reflection (around neck)
 M - an uncursed ring of insulation
Wands
 o - a wand of iceblast (11)
Scrolls
 a - 4 scrolls of magic mapping
 f - 7 scrolls of teleportation
 n - a scroll of amnesia
 q - 2 scrolls of blinking
 w - a scroll of identify
 x - 3 scrolls of remove curse
 H - a scroll of enchant weapon
Potions
 b - 2 potions of magic
 c - 2 potions of mutation
 g - a potion of brilliance
 h - a potion of flight {unknown}
 i - 4 potions of curing
 l - 5 potions of lignification
 r - 3 potions of ambrosia
 s - a potion of invisibility {unknown}
 u - 2 potions of agility
 B - 2 potions of heal wounds
 D - 2 potions of might
 I - 2 potions of cancellation
 L - 2 potions of berserk rage {unknown}
 O - a potion of degeneration {unknown}
Comestibles
 e - 23 rations {!d}


   Skills:
 + Level 2.3 Fighting
 + Level 7.9 Dodging
 - Level 2.0 Stealth
 + Level 3.5 Shields
 + Level 14.6 Spellcasting
 + Level 14.1 Conjurations
 * Level 2.3 Hexes
 + Level 7.3 Fire Magic
 * Level 3.0 Air Magic
 + Level 2.5 Earth Magic


You had 12 spell levels left.
You knew the following spells:

 Your Spells              Type           Power        Failure   Level  Hunger
a - Magic Dart            Conj           ####         1%          1    None
b - Searing Ray           Conj           #######.     1%          2    None
c - Iskenderun's Mystic   Conj           #######.     1%          3    None
d - Fulminant Prism       Conj/Hex       ######....   1%          4    None
e - Flame Tongue          Conj/Fire      #####        1%          1    None
f - Fireball              Conj/Fire      #######...   1%          5    None
g - Irradiate             Conj/Tmut      ######....   3%          5    None
h - Sandblast             Erth           #####.       1%          1    None
i - Conjure Ball Lightni  Conj/Air       ######....   11%         6    None

Your spell library contained the following spells:

 Spells                   Type           Power        Failure   Level  Hunger
 Conjure Flame            Conj/Fire      #######.     1%          3    None
 Inner Flame              Hex/Fire       N/A          1%          3    None
 Sticky Flame             Conj/Fire      #######.     1%          4    None
 Flaming Arrows           Chrm/Fire      ######..     2%          2    None
 Call Canine Familiar     Summ           ###.....     24%         3    None
 Silence                  Hex/Air        #####.....   58%         5    None
 Summon Ice Beast         Ice/Summ       ###.....     63%         4    None
 Summon Lightning Spire   Summ/Air       #####...     77%         5    None
 Summon Mana Viper        Hex/Summ       ####....     80%         5    None
 Deflect Missiles         Chrm/Air       #####.....   100%        6    None
 Summon Hydra             Summ           ###.......   100%        6    None
 Monstrous Menagerie      Summ           ###.......   100%        7    None
 Tornado                  Air            #####.....   100%        9    None


Dungeon Overview and Level Annotations

Branches:
Dungeon (11/12)            Temple (1/1) D:4            Lair (0/6) D:9
 Vaults (1/3) D:11
    Orc: D:8-11       Crypt: Vaults:1-2

Altars:
Ashenzari
Cheibriados
Dithmenos
Elyvilon
Fedhas
Gozag
Hepliaklqana
Kikubaaqudgha
Lugonu
Makhleb
Nemelex Xobeh
Okawaru
Qazlal
Ru
Sif Muna
Trog
Uskayaw
Vehumet
Wu Jian
Xom
Yredelemnul
Zin
The Shining One
Beogh

Shops:
D:4 *}   D:7 !   D:9 *

Annotations:
D:9 1 runed door


Innate Abilities, Weirdness & Mutations

Your spells do not cause hunger and MP costs are reduced by 1.
Your bright wings attract enemies. (Stealth-)
You cannot fit into any form of body armour.
Your shimmering scales are hard and can block incoming attacks. (AC +7, SH +7)
You are small and have problems with some larger weapons.
You can fly continuously.


Message History

The blast of lightning engulfs the centaur warrior!!
The centaur warrior is moderately wounded.
The gargoyle closely misses you.
The centaur warrior unwields a +0 longbow.
You block the centaur warrior's attack.
You hear an angry hiss.
You hear a shout! x2; You hear a loud, deep croak!
You hear an angry buzzing noise.
The searing ray hits the gargoyle but does no damage.
The gargoyle is lightly damaged.
Your ball lightning explodes!
The blast of lightning engulfs you!!
* * * LOW HITPOINT WARNING * * *
The blast of lightning engulfs the centaur warrior!
The centaur warrior is heavily wounded.
The blast of lightning engulfs the gargoyle!
The gargoyle resists.
The gargoyle is heavily damaged.
You block the centaur warrior's attack.
The gargoyle hits you with a +1 vampiric morningstar!
You die...

#....).....#......#.##...#
.#........#..#....#..#....
...........##.....#.#####
..........###.....#.##
..........# #####.#..##
..........# #..#..#
..........# ##..#.#
..........# ##.#.#
#......)@## #.#.#
##$....c9# #.#.#
#.#####...<# #.#.# ...
.......# #.#.# #.
######### #...# ###.##
#..# #..## ##.[.#


You could see a centaur warrior and a gargoyle.

Vanquished Creatures
  Harold (D:10)
  2 vault guards (D:11)
  A death yak (shapeshifter) (D:11)
  A cyclops (D:10)
  2 deep elf magi (D:9)
  A centaur zombie (D:9)
  Joseph (D:8)
  A kobold demonologist (D:10)
  2 komodo dragons
  3 yaktaurs (D:10)
  A queen bee (D:9)
  2 trolls
  A hornet (D:4)
  2 hippogriffs
  A meliai zombie (D:9)
  2 wyverns
  16 yaks
  10 humans (D:11)
  A hungry ghost (D:4)
  4 vampire mosquitoes (D:10)
  2 crocodiles (D:9)
  A swamp drake (D:9)
  7 ice beasts
  2 sky beasts
  3 orc warriors
  2 eyes of draining (D:10)
  2 phantoms
  7 ogres
  A necrophage (D:9)
  A centaur (D:6)
  3 bullfrogs
  5 big kobolds
  Blork the orc (D:5)
  A wyvern skeleton (D:8)
  A scorpion (D:8)
  19 killer bees
  10 wights
  3 crimson imps
  A quasit (D:10)
  A bullfrog zombie (D:5)
  7 hounds
  2 orc priests
  A jelly (D:9)
  Crazy Yiuf (D:3)
  3 orc wizards
  2 centaur skeletons
  4 worker ants
  A hound skeleton (D:9)
  A worker ant zombie (D:5)
  A gnoll (D:3)
  A howler monkey skeleton (D:6)
  10 adders
  A shadow imp (D:10)
  2 adder skeletons
  7 worms
  8 dart slugs
  3 leopard geckos
  45 orcs
  2 ball pythons
  3 bats
  4 giant cockroaches
  5 goblins
  9 hobgoblins
  6 jackals
  4 quokkas
  6 frilled lizards
  A jackal skeleton (D:6)
  20 kobolds
  A quokka skeleton (D:4)
  A rat (D:2)
290 creatures vanquished.

Vanquished Creatures (others)
  2 ball lightnings (D:11)
  A centaur (D:9)
  A fulminant prism (D:9)
4 creatures vanquished.

Grand Total: 294 creatures vanquished

Notes
Turn   | Place    | Note
-------+----------+-------------------------------------------
     0 | D:1      | funkygono the Fairy Conjurer began the quest for the Orb.
     0 | D:1      | Reached XP level 1. HP: 11/11 MP: 6/6
    22 | D:1      | Reached skill level 5 in Conjurations
   300 | D:1      | Reached XP level 2. HP: 16/17 MP: 7/7
   382 | D:1      | Reached XP level 3. HP: 6/21 MP: 9/9
   658 | D:1      | Learned a level 2 spell: Searing Ray
   666 | D:1      | Learned a level 3 spell: Iskenderun's Mystic Blast
  1381 | D:2      | Reached XP level 4. HP: 27/27 MP: 11/11
  1479 | D:2      | Found a bloodstained altar of Trog.
  1663 | D:2      | Found a burning altar of Makhleb.
  2060 | D:3      | Noticed an ogre
  2066 | D:3      | Killed an ogre
  2066 | D:3      | Reached XP level 5. HP: 31/31 MP: 6/13
  2075 | D:3      | Learned a level 4 spell: Fulminant Prism
  2217 | D:3      | Found a runed door.
  2221 | D:3      | Noticed Crazy Yiuf
  2226 | D:3      | Killed Crazy Yiuf
  2745 | D:3      | Reached XP level 6. HP: 36/36 MP: 15/15
  2881 | D:3      | Reached skill level 5 in Spellcasting
  3051 | D:4      | Noticed a hornet
  3060 | D:4      | Killed a hornet
  3060 | D:4      | Reached XP level 7. HP: 14/42 MP: 7/17
  3204 | D:4      | Found a shimmering blue altar of Sif Muna.
  3238 | D:4      | Found a snail-covered altar of Cheibriados.
  3407 | D:4      | Found a staircase to the Ecumenical Temple.
  3416 | Temple   | Entered the Ecumenical Temple
  3984 | D:4      | Noticed a hungry ghost
  3991 | D:4      | Killed a hungry ghost
  4082 | D:4      | Found Fuasophixesm's Gadget Boutique.
  4128 | D:4      | Reached XP level 8. HP: 47/47 MP: 19/21
  4140 | D:4      | Reached skill level 1 in Fighting
  4146 | D:4      | Learned a level 1 spell: Flame Tongue
  4152 | D:4      | Learned a level 5 spell: Fireball
  4221 | D:4      | Found Tink's Assorted Antiques.
  4230 | D:4      | Bought a pair of jewelled boots for 294 gold pieces
  4235 | D:4      | Identified the +1 pair of boots of Pessimism {Int+7} (You
                  | bought it in a shop on level 4 of the Dungeon)
  4757 | D:5      | Entered Level 5 of the Dungeon
  4888 | D:5      | Noticed Blork the orc
  4890 | D:5      | Killed Blork the orc
  5166 | D:5      | Found a white marble altar of Elyvilon.
  5212 | D:5      | Reached skill level 1 in Fire Magic
  5398 | D:5      | Found a sparkling altar of Nemelex Xobeh.
  5666 | D:6      | Learned a level 5 spell: Irradiate
  5766 | D:6      | Noticed a hippogriff
  5772 | D:6      | Killed a hippogriff
  6094 | D:6      | Reached XP level 9. HP: 53/53 MP: 19/24
  6242 | D:6      | Found a glowing golden altar of the Shining One.
  6570 | D:7      | Found Ucsintya's Distillery.
  6731 | D:7      | Reached skill level 10 in Conjurations
  7216 | D:8      | Reached skill level 5 in Dodging
  7216 | D:8      | Reached skill level 10 in Spellcasting
  7560 | D:8      | Reached skill level 5 in Fire Magic
  7699 | D:8      | Noticed Joseph
  7716 | D:8      | Killed Joseph
  7716 | D:8      | Reached XP level 10. HP: 60/60 MP: 22/26
  7806 | D:8      | Found a glowing silver altar of Zin.
  8126 | D:8      | Found a roughly hewn altar of Beogh.
  8336 | D:9      | Noticed a deep elf mage
  8342 | D:9      | Killed a deep elf mage
  8525 | D:9      | Found Agef's General Store.
  8709 | D:9      | Reached XP level 11. HP: 62/64 MP: 10/29
  8839 | D:9      | Noticed a deep elf mage
  8845 | D:9      | Killed a deep elf mage
  9221 | D:9      | Found a runed door.
  9221 | D:9      | Noticed a frost giant
  9221 | D:9      | Noticed a yaktaur captain
  9221 | D:9      | Noticed an ettin
  9222 | D:9      | Noticed an ettin
  9223 | D:9      | Identified the ring "Naxikil" {Fire MR- Int+5 SInv}
  9223 | D:9      | Noticed a frost giant
  9223 | D:9      | Noticed an ice dragon
  9223 | D:9      | Noticed a fire giant
  9223 | D:9      | Noticed a phantasmal warrior
  9453 | D:9      | Found a staircase to the Lair.
  9766 | D:9      | Found a radiant altar of Vehumet.
  9777 | D:9      | Became a worshipper of Vehumet
  9896 | D:10     | Entered Level 10 of the Dungeon
  9896 | D:10     | Noticed a cyclops
  9902 | D:10     | Killed a cyclops
  9945 | D:10     | Noticed Harold
  9954 | D:10     | Killed Harold
  9966 | D:10     | Found an iron altar of Okawaru.
 10009 | D:10     | Reached * piety under Vehumet
 10009 | D:10     | Offered knowledge of Sandblast by Vehumet.
 10012 | D:10     | Learned a level 1 spell: Sandblast
 10267 | D:10     | Reached skill level 1 in Earth Magic
 10303 | D:10     | Reached skill level 1 in Shields
 10325 | D:10     | Reached XP level 12. HP: 70/70 MP: 32/32
 10508 | D:10     | Learned a level 6 spell: Conjure Ball Lightning
 10782 | D:11     | Noticed a vault guard
 10786 | D:11     | Noticed a vault guard
 10789 | D:11     | Killed a vault guard
 10789 | D:11     | Reached skill level 1 in Hexes
 10798 | D:11     | Reached skill level 1 in Air Magic
 10801 | D:11     | Killed a vault guard
 10924 | D:11     | Found a gate to the Vaults.
 10956 | D:11     | Found an opulent altar of Gozag.
 11012 | Vaults:1 | Entered Level 1 of the Vaults
 11147 | D:11     | Noticed an emperor scorpion
 11156 | D:11     | Noticed a death yak
 11156 | D:11     | an emperor scorpion changed into a death yak
 11163 | D:11     | Killed a death yak
 11447 | D:11     | Noticed a centaur warrior
 11452 | D:11     | Mangled by a gargoyle

Skill      XL: |  1  2  3  4  5  6  7  8  9 10 11 12 |
---------------+-------------------------------------+-----
Conjurations   | 5 6 7 8 9 11 12 13 14 | 14.1
Spellcasting   | 3 4 5 7 9 10 12 14 | 14.6
Dodging        | 3 4 5 6 7 |  7.9
Stealth        | 2 |  2.0
Fighting       | 1 2 |  2.3
Fire Magic     | 2 5 6 7 |  7.3
Earth Magic    | 1 2 |  2.5
Shields        | 1 3 |  3.5
Hexes          | 2 |  2.3
Air Magic      | 3 |  3.0

Action                   |  1- 3 |  4- 6 |  7- 9 | 10-12 || total
-------------------------+-------+-------+-------+-------++-------
Melee: Dagger            |       |       |     3 |       ||     3
 Cast: Magic Dart        |    84 |    56 |    98 |   115 ||   353
       Searing Ray       |     2 |    11 |    30 |    46 ||    89
       Iskenderun's Myst |       |     6 |     3 |    30 ||    39
       Fireball          |       |       |    36 |    17 ||    53
       Irradiate         |       |       |     1 |       ||     1
       Flame Tongue      |       |       |       |    14 ||    14
       Sandblast         |       |       |       |    13 ||    13
       Fulminant Prism   |       |       |       |     1 ||     1
       Conjure Ball Ligh |       |       |       |     1 ||     1
  Use: Scroll            |     5 |     5 |     9 |     3 ||    22
       Potion            |       |       |     5 |     1 ||     6
  Eat: Chunk             |     1 |     5 |    11 |    12 ||    29
       Ration            |       |       |     1 |       ||     1
Armor: Skin              |     2 |     3 |    18 |    20 ||    43
Dodge: Dodged            |     9 |    13 |    46 |    70 ||   138
Block: Other             |     1 |     5 |    24 |    47 ||    77
       Medium shield     |       |       |       |    43 ||    43
       Reflection        |       |       |       |     7 ||     7
